 Dungeon Crawl Stone Soup version 0.24-a0-160-gfa3a8d6 (webtiles) character file.

Game seed: 0

160967 Lanoc the Fencer (level 17, -3/93 HPs)
             Began as a Vine Stalker Berserker on Mar 5, 2019.
             Was the Champion of Trog.
             Killed from afar by Mara (illusionary) (31 damage)
             ... with a bolt of fire
             ... on level 4 of the Swamp.
             The game lasted 01:15:42 (22743 turns).

Lanoc the Fencer (Vine Stalker Berserker)          Turns: 22743, Time: 01:15:44

Health: -3/93      AC: 28    Str: 21    XL:     17   Next: 77%
Magic:  0/35       EV: 14    Int:  7    God:    Trog [******]
Gold:   3365       SH:  0    Dex: 20    Spells: 16/16 levels left

rFire    . . .     SeeInvis .   s - +1 great sword (vamp)
rCold    + . .     Gourm    .   (shield currently unavailable)
rNeg     + + .     Faith    .   U - +3 plate armour {rC+}
rPois    .         Spirit   +   S - +1 hat {MR+}
rElec    .         Reflect  .   G - scarf {cloud immunity}
rCorr    .         Harm     .   z - +4 pair of gloves of the Crown {rC- rN++ Stlth+}
MR       +++..                  R - +2 pair of boots
Stlth    ..........             g - amulet of regeneration
HPRegen  1.45/turn              J - ring of magical power
MPRegen  0.24/turn              w - ring of protection from cold

@: berserk cooldown, slowed, very slow
A: fangs 3, regeneration 2, magic shield, antimagic bite, no potion heal 3, rot
immunity
a: Berserk, Trog's Hand, Brothers in Arms, Renounce Religion


You were on level 4 of the Swamp.
You worshipped Trog.
Trog was exalted by your worship.
You were not hungry.

You visited 5 branches of the dungeon, and saw 28 of its levels.
You also visited: Ice Cave.

You collected 3365 gold pieces.

Inventory:

Hand Weapons
 s - a +1 vampiric great sword (weapon)
 v - a +1 great sword of distortion
 A - a +4 great sword of electrocution
 K - a +3 scimitar of flaming
 L - the +5 scythe "Finisher" {speed, eviscerate}
   (You found it on level 11 of the Dungeon)

   Attacks with this weapon are significantly faster.
 N - a +3 great sword of holy wrath
 T - a +6 great sword of electrocution
Armour
 z - the +4 pair of gloves of the Crown (worn) {rC- rN++ Stlth+}
   (You found it on level 3 of the Lair of Beasts)

   It makes you vulnerable to cold.
   It greatly protects you from negative energy.
   It makes you more stealthy.
 G - a scarf of cloud immunity (worn)
 R - a +2 pair of boots (worn)
 S - a +1 hat of magic resistance (worn)
 U - a +3 plate armour of cold resistance (worn)
Jewellery
 g - an amulet of regeneration (around neck)
 w - a ring of protection from cold (right hand)
 D - an uncursed ring of see invisible
 J - a ring of magical power (left hand)
 V - an uncursed ring of protection from fire
Wands
 a - a wand of digging (3)
 k - a wand of flame (10)
 q - a wand of scattershot (4)
 u - a wand of iceblast (26)
 I - a wand of paralysis (8)
 Q - a wand of acid (9)
 Y - a wand of random effects (13)
Scrolls
 b - 5 scrolls of enchant weapon
 h - 14 scrolls of remove curse
 i - 3 scrolls of magic mapping
 j - a scroll of fear
 l - 3 scrolls of teleportation
 o - a scroll of acquirement
 r - 3 scrolls of fog
 x - 2 scrolls of immolation
 y - 3 scrolls of blinking
 E - 3 scrolls of summoning
 O - 5 scrolls of enchant armour
Potions
 d - 11 potions of curing
 e - a potion of mutation
 f - 4 potions of agility
 m - 3 potions of flight
 n - 3 potions of lignification
 p - 7 potions of brilliance
 t - 2 potions of haste
 B - a potion of invisibility
 H - 2 potions of cancellation
 P - 4 potions of might
Miscellaneous
 F - a fan of gales
 M - a lamp of fire
 W - a sack of spiders
Comestibles
 c - 37 rations


   Skills:
 + Level 12.3 Fighting
 * Level 16.5 Long Blades
 + Level 11.2 Armour
 + Level 11.2 Dodging
 + Level 11.7 Evocations


You had 16 spell levels left.
You didn't know any spells.
Your spell library was empty.

Dungeon Overview and Level Annotations

Branches:
Dungeon (15/15)            Temple (1/1) D:5            Lair (6/6) D:9
  Swamp (4/4) Lair:2        Snake (0/4) Lair:2        Slime (0/5) Lair:5
    Orc (2/2) D:10            Elf (0/3) Orc:2        Vaults (0/5) D:14
 Depths (0/5) D:15

Altars:
Elyvilon
Fedhas
Gozag
Hepliaklqana
Okawaru
Ru
Sif Muna
Wu Jian
Yredelemnul
Zin
The Shining One
Jiyva

Shops:
Orc:1 :[   Orc:2 [[[[

Annotations:
Swamp:4 Mara


Innate Abilities, Weirdness & Mutations

You have razor-sharp teeth.
You heal very quickly.
When hurt, damage is shared between your health and your magic reserves.
Your bite disrupts and absorbs the magic of your enemies.
Potions cannot restore your health.
You are immune to rotting.


Message History

You slash Mara!
Mara is lightly wounded.
You barely miss Mara.
Mara is lightly wounded.
Mara hits you but does no damage.
You hit Mara but do no damage. Your bite misses Mara.
Mara is lightly wounded.
You are no longer berserk.
You are exhausted.
You feel yourself slow down. Mara gestures at you. The bolt of fire hits you!!
* * * LOW HITPOINT WARNING * * *
As you read the scroll of fear, it crumbles to dust.
You assume a fearsome visage.
Mara is unaffected. x2
Mara gestures at you. The bolt of fire misses you. Mara gestures at you.
The bolt of fire hits you!!!
You die...

♣...≈≈≈≈§####..≈≈φ.####..♣♣♣♣♣
♣♣♣.♣≈.≈≈♣##≈≈.≈≈≈≈..≈##♣≈.≈≈♣.
♣♣....≈.≈♣##..≈.≈≈≈≈≈≈..##.≈..≈.
♣..≈≈≈.R(♣#....≈≈≈≈≈≈......≈.≈..
♣♣.....♣R♣##....≈≈≈......♣#.≈§≈≈
♣≈≈..♣♣≈R♣##....≈§)...###)..≈.≈
♣♣....♣♣.≈♣##...§≈.###♣#..≈≈...
♣...††≈≈..♣♣##.#######≈..♣≈≈.≈
♣♣≈♣♣♣..≈≈.♣#@..≈♣♣♣≈..≈.≈≈≈≈≈
♣♣♣♣♣♣..R..RR.♣...≈≈♣♣....≈≈≈
♣≈.≈≈.≈..≈≈..≈...†.≈♣..≈≈≈≈
♣♣≈≈≈≈≈≈≈.≈§≈≈≈......≈≈≈≈≈≈
♣♣≈.≈≈≈≈.≈≈≈§.≈...≈≈≈≈≈≈≈≈
♣♣♣♣♣≈...≈≈≈♣≈.≈.≈.≈≈≈.≈.
♣♣♣♣..≈≈≈.♣♣♣♣♣≈...≈..≈
♣§≈≈.≈≈≈.≈≈♣ ♣♣♣♣.♣♣♣♣
♣.≈≈..≈≈♣.♣♣ ♣♣


You could see 3 Maras.

Vanquished Creatures
  Nikola (Swamp:3)
  Rupert (D:12)
  Jorgrun (Swamp:1)
  Frances (D:12)
  Donald (Swamp:2)
  Kirke (D:13)
  Roxanne (Swamp:2)
  2 thorn hunters
  An orc warlord (Orc:2)
  Aizul (Swamp:2)
  Louise (Swamp:3)
  A spark wasp (Swamp:1)
  Snorg (D:13)
  An ettin (D:15)
  Josephine (Orc:1)
  A fire dragon (Lair:6)
  The ghost of Enish the Brawler, a journeyman DrTm of Hepliaklqana (Swamp:1)
  An ogre mage (D:15)
  A catoblepas (Lair:6)
  Fannar (D:10)
  An ice dragon (D:14)
  19 hydras
  4 vault guards (D:14)
  5 centaur warriors
  A death knight (D:14)
  6 two-headed ogres
  3 death yaks (Lair:6)
  5 orc high priests (Orc:2)
  11 alligators
  A tengu warrior (D:15)
  Urug (D:10)
  Nergalle (Orc:1)
  4 skeletal warriors
  A spriggan druid (Swamp:4)
  A deep troll (D:15)
  A glowing orange brain (D:12)
  An unseen horror (D:10)
  12 swamp dragons
  A wizard (D:15)
  7 orc knights (Orc:2)
  A phantasmal warrior (D:14)
  4 ugly things
  A deep elf mage (D:15)
  An orc sorcerer (Orc:2)
  3 manticores
  An oklob plant (D:15)
  6 cyclopes
  7 elephants
  5 black mambas
  2 ice statues (IceCv)
  Maurice (D:9)
  2 torpor snails (Lair:6)
  Psyche (D:11)
  3 gargoyles
  20 spiny frogs
  2 freezing wraiths
  14 rime drakes
  9 komodo dragons
  An efreet (D:14)
  10 ice devils (IceCv)
  2 polar bears
  9 trolls
  12 slime creatures
  Prince Ribbit (D:9)
  8 hornets
  A meliai zombie (D:12)
  7 tyrant leeches
  17 blink frogs
  12 bog bodies
  3 dream sheep (Lair:6)
  8 hippogriffs
  12 wraiths
  2 shadows (Swamp:4)
  3 water elementals
  5 spriggans
  36 yaks
  3 wyverns
  A fire bat (shapeshifter) (D:15)
  7 humans (D:14)
  2 hungry ghosts
  Grum (D:9)
  2 basilisks
  3 hogs (D:13)
  9 steam dragons
  7 vampire mosquitoes
  3 nagas (Lair:2)
  22 swamp worms
  4 wargs
  6 insubstantial wisps (Swamp:4)
  Edmund (D:6)
  A soldier ant (D:13)
  3 acid dragons
  16 water moccasins
  5 porcupines
  12 swamp drakes
  42 orc warriors
  An eye of draining (D:15)
  13 ogres
  A phantom (D:11)
  2 black bears
  13 ice beasts
  An eye of draining (shapeshifter) (D:13)
  18 wolves
  18 centaurs
  13 crocodiles
  A big kobold (D:5)
  15 bullfrogs
  2 wyvern skeletons
  5 scorpions
  9 killer bees
  3 electric eels
  11 wights
  3 howler monkeys (D:9)
  5 crimson imps
  3 centaur zombies
  A quasit (D:11)
  9 hounds
  2 bullfrog zombies (D:5)
  3 jellies
  34 orc priests
  3 bullfrog skeletons
  7 iguanas
  6 centaur skeletons
  Ijyb (D:3)
  Natasha (thrice) (D:3)
  Terence (D:3)
  28 orc wizards
  11 worker ants
  9 hell rats (Lair:1)
  2 hound skeletons
  3 worker ant zombies
  6 gnolls
  A howler monkey skeleton (D:4)
  5 adders
  6 river rats (Lair:1)
  5 shadow imps
  14 white imps
  9 ufetubi
  4 oozes
  An adder zombie (D:9)
  An adder skeleton (D:4)
  2 worms (D:2)
  A dart slug (D:1)
  3 leopard geckos
  85 orcs
  11 giant cockroaches
  7 goblins
  7 hobgoblins
  6 jackals
  25 kobolds
  7 quokkas
  A ball python (D:5)
  6 bats
  5 frilled lizards
  A jackal zombie (D:6)
  A leopard gecko skeleton (D:4)
  17 rats
986 creatures vanquished.

Vanquished Creatures (collateral kills)
  2 slime creatures (D:15)
2 creatures vanquished.

Vanquished Creatures (others)
  A reaper (IceCv)
  A vault guard (D:14)
  A spriggan (Swamp:3)
  A spriggan druid (Swamp:3)
  2 rime drakes (Lair:3)
  A hornet (Swamp:3)
  A swamp worm (Swamp:4)
  3 white imps (IceCv)
  3 ufetubi (IceCv)
  3 fungi
  A plant (Lair:5)
18 creatures vanquished.

Grand Total: 1006 creatures vanquished

Notes
Turn   | Place    | Note
-------+----------+-------------------------------------------
     0 | D:1      | Lanoc the Vine Stalker Berserker began the quest for the
                  | Orb.
     0 | D:1      | Reached XP level 1. HP: 11/11 MP: 2/2
   289 | D:1      | Reached XP level 2. HP: 5/16 MP: 1/3
   302 | D:1      | Reached skill level 3 in Long Blades
   537 | D:2      | Reached XP level 3. HP: 19/19 MP: 4/4
   553 | D:2      | Reached ** piety under Trog
   754 | D:3      | Noticed Natasha
   759 | D:3      | Killed Natasha
   759 | D:3      | Gained mutation: Your natural rate of healing is unusually
                  | fast. [Vine Stalker growth]
   759 | D:3      | Reached XP level 4. HP: 24/24 MP: 3/5
   771 | D:3      | Noticed Terence
   779 | D:3      | Noticed Natasha
   801 | D:3      | HP: 1/24 [Terence/+3 flail (7)]
   821 | D:3      | Killed Terence
   821 | D:3      | Reached XP level 5. HP: 28/28 MP: 6/6
   822 | D:3      | Killed Natasha
   825 | D:3      | Reached skill level 4 in Long Blades
   893 | D:3      | Noticed Natasha
   896 | D:3      | Killed Natasha
   992 | D:3      | Found an opulent altar of Gozag.
  1121 | D:3      | Noticed Ijyb
  1135 | D:3      | Killed Ijyb
  1135 | D:3      | Reached *** piety under Trog
  1135 | D:3      | Reached XP level 6. HP: 32/32 MP: 7/7
  1779 | D:4      | Found an iron altar of Okawaru.
  1979 | D:5      | Entered Level 5 of the Dungeon
  2009 | D:5      | Reached skill level 1 in Evocations
  2026 | D:5      | Reached XP level 7. HP: 37/37 MP: 8/8
  2217 | D:5      | Found a sacrificial altar of Ru.
  2269 | D:5      | Found a staircase to the Ecumenical Temple.
  2281 | D:5      | Reached skill level 5 in Long Blades
  2287 | Temple   | Entered the Ecumenical Temple
  2300 | D:5      | Found a glowing golden altar of the Shining One.
  2300 | D:5      | Found a glowing silver altar of Zin.
  2301 | D:5      | Found a white marble altar of Elyvilon.
  2512 | D:5      | Found a hazy altar of Hepliaklqana.
  2537 | D:5      | Reached **** piety under Trog
  2995 | D:6      | Gained mutation: You have razor-sharp teeth. [Vine Stalker
                  | growth]
  2995 | D:6      | Reached XP level 8. HP: 35/42 MP: 8/10
  3115 | D:6      | Noticed a two-headed ogre
  3123 | D:6      | Killed a two-headed ogre
  3123 | D:6      | Reached skill level 5 in Fighting
  3123 | D:6      | Reached skill level 6 in Long Blades
  3243 | D:6      | Reached XP level 9. HP: 33/47 MP: 12/12
  3288 | D:6      | Noticed Edmund
  3296 | D:6      | Killed Edmund
  3299 | D:6      | Reached skill level 7 in Long Blades
  3746 | D:7      | Noticed a hornet
  3756 | D:7      | Killed a hornet
  3790 | D:7      | Found an ornate altar of the Wu Jian Council.
  3824 | D:7      | Received a gift from Trog
  3956 | D:7      | Found a deep blue altar of Sif Muna.
  4320 | D:8      | Reached skill level 8 in Long Blades
  4320 | D:8      | Reached XP level 10. HP: 53/53 MP: 14/14
  4384 | D:8      | Reached skill level 5 in Armour
  4384 | D:8      | Reached skill level 5 in Dodging
  4733 | D:8      | Noticed a two-headed ogre
  4741 | D:8      | Killed a two-headed ogre
  5447 | D:9      | Noticed Prince Ribbit
  5454 | D:9      | Killed Prince Ribbit
  5539 | D:9      | Reached skill level 5 in Evocations
  5564 | D:9      | Found a blossoming altar of Fedhas.
  5580 | D:9      | Noticed Maurice
  5598 | D:9      | Killed Maurice
  5664 | D:9      | Noticed Grum
  5670 | D:9      | Reached skill level 9 in Long Blades
  5674 | D:9      | Reached ***** piety under Trog
  5678 | D:9      | Killed Grum
  5711 | D:9      | Found a staircase to the Lair.
  6240 | D:10     | Entered Level 10 of the Dungeon
  6330 | D:10     | Noticed Fannar
  6337 | D:10     | Noticed an unseen horror
  6374 | D:10     | Killed an unseen horror
  6374 | D:10     | Reached XP level 11. HP: 38/58 MP: 9/16
  6422 | D:10     | Noticed Sonja
  6424 | D:10     | Noticed Sonja
  6424 | D:10     | Sonja changed into Sonja the rime drake
  6436 | D:10     | Killed Sonja the rime drake
  6480 | D:10     | Killed Fannar
  6517 | D:10     | Found a staircase to the Orcish Mines.
  6622 | D:10     | Noticed Urug
  6636 | D:10     | Killed Urug
  6851 | D:11     | Reached skill level 10 in Long Blades
  7011 | D:11     | Found a frozen archway.
  7043 | D:11     | Noticed Psyche
  7049 | D:11     | Received a gift from Trog
  7052 | D:11     | Killed Psyche
  7100 | IceCv    | Entered an ice cave
  7376 | IceCv    | Gained mutation: You heal very quickly. [Vine Stalker
                  | growth]
  7376 | IceCv    | Reached XP level 12. HP: 35/64 MP: 14/17
  7391 | IceCv    | Killed a reaper
  7823 | D:11     | Reached skill level 11 in Long Blades
  7848 | D:11     | Noticed a two-headed ogre
  7851 | D:11     | Killed a two-headed ogre
  8320 | D:11     | Found the +5 scythe "Finisher" {speed, eviscerate}
  8399 | D:12     | Found a basalt altar of Yredelemnul.
  8463 | D:12     | Noticed Nessos
  8491 | D:12     | Noticed Nessos
  8491 | D:12     | Nessos changed into Nessos the glowing orange brain
  8495 | D:12     | Killed Nessos the glowing orange brain
  8618 | D:12     | Noticed Rupert
  8620 | D:12     | Paralysed by Rupert for 6 turns
  8636 | D:12     | Killed Rupert
  8728 | D:12     | Reached XP level 13. HP: 69/69 MP: 19/19
  8974 | D:12     | Noticed Frances
  8982 | D:12     | Killed Frances
  8982 | D:12     | Reached ****** piety under Trog
  8982 | D:12     | Reached skill level 12 in Long Blades
  9196 | D:13     | Noticed Kirke
  9216 | D:13     | Killed Kirke
  9252 | D:13     | Received a gift from Trog
  9432 | D:13     | Noticed Snorg
  9444 | D:13     | Killed Snorg
  9838 | D:14     | Noticed an ice dragon
  9838 | D:14     | a seven-headed hydra changed into an ice dragon
  9999 | D:14     | Killed a vault guard
 10360 | D:14     | Killed an ice dragon
 10624 | D:14     | Reached XP level 14. HP: 29/75 MP: 21/21
 10706 | D:14     | Reached skill level 13 in Long Blades
 10752 | D:14     | Found a gate to the Vaults.
 10838 | D:15     | Entered Level 15 of the Dungeon
 11004 | D:15     | Found a staircase to the Depths.
 11034 | D:15     | Found an opulent altar of Gozag.
 11195 | D:15     | Reached skill level 10 in Fighting
 11390 | D:15     | Received a gift from Trog
 11668 | D:15     | Received a gift from Trog
 11891 | Orc:1    | Entered Level 1 of the Orcish Mines
 11943 | Orc:1    | Noticed Nergalle
 11952 | Orc:1    | Killed Nergalle
 11977 | Orc:1    | Found Lawan's Book Emporium.
 12068 | Orc:1    | Found Ipomo's Antique Armour Boutique.
 12099 | Orc:1    | Noticed Josephine
 12111 | Orc:1    | Killed Josephine
 12483 | Orc:2    | Entered Level 2 of the Orcish Mines
 12685 | Orc:2    | Found a staircase to the Elven Halls.
 12687 | Orc:2    | Noticed an orc warlord
 12688 | Orc:2    | Reached XP level 15. HP: 57/81 MP: 22/23
 12728 | Orc:1    | Received a gift from Trog
 12752 | Orc:1    | Reached skill level 14 in Long Blades
 12855 | Orc:2    | Killed an orc warlord
 13469 | Orc:2    | Received a gift from Trog
 13615 | Orc:2    | Reached skill level 10 in Evocations
 13680 | Orc:2    | Found Qikhagu's Armour Shoppe.
 13683 | Orc:2    | Found Suxkuzxius's Armour Emporium.
 13684 | Orc:2    | Found Xajixuydgh's Armour Shoppe.
 13685 | Orc:2    | Found Lass's Antique Armour Shoppe.
 13869 | Lair:1   | Entered Level 1 of the Lair of Beasts
 14861 | Lair:2   | Identified a scroll of acquirement
 14947 | Lair:2   | Received a gift from Trog
 14965 | Lair:2   | Found a staircase to the Snake Pit.
 15463 | Lair:2   | Found a staircase to the Swamp.
 16148 | Lair:3   | Reached skill level 10 in Dodging
 16612 | Lair:3   | Got a pair of slimy gloves
 16630 | Lair:3   | Identified the +4 pair of gloves of the Crown {rC- rN++
                  | Stlth+} (You found it on level 3 of the Lair of Beasts)
 16702 | Lair:4   | Reached skill level 10 in Armour
 16916 | Lair:4   | Received a gift from Trog
 16983 | Lair:4   | Reached XP level 16. HP: 85/87 MP: 24/24
 17731 | Lair:5   | Found a viscous altar of Jiyva.
 17731 | Lair:5   | Found a staircase to the Slime Pits.
 17872 | Lair:5   | Reached skill level 15 in Long Blades
 18243 | Lair:6   | Entered Level 6 of the Lair of Beasts
 19059 | Lair:6   | Received a gift from Trog
 19460 | Swamp:1  | Entered Level 1 of the Swamp
 19528 | Swamp:1  | Found a runed translucent door.
 19531 | Swamp:1  | Noticed Enish's ghost (journeyman DrTm)
 19548 | Swamp:1  | Killed Enish's ghost
 19556 | Swamp:1  | Got a crystal dagger
 19748 | Swamp:1  | Noticed a thorn hunter
 19762 | Swamp:1  | Killed a thorn hunter
 19874 | Swamp:1  | Noticed Jorgrun
 19889 | Swamp:1  | Killed Jorgrun
 19977 | Swamp:1  | Identified the +9 dagger of Division {holy, +Blink rC-
                  | Int+3} (You found it on level 1 of the Swamp)
 20458 | Swamp:2  | Noticed Roxanne
 20477 | Swamp:2  | Killed Roxanne
 20566 | Swamp:2  | Received a gift from Trog
 20570 | Swamp:2  | Reached XP level 17. HP: 62/93 MP: 14/26
 20610 | Swamp:2  | Noticed Aizul
 20628 | Swamp:2  | Killed Aizul
 20795 | Swamp:2  | Noticed Donald
 20822 | Swamp:2  | Killed Donald
 21371 | Swamp:3  | Reached skill level 16 in Long Blades
 21443 | Swamp:3  | Noticed Nikola
 21469 | Swamp:3  | Killed Nikola
 21746 | Swamp:3  | Noticed Louise
 21768 | Swamp:3  | Killed Louise
 22026 | Swamp:4  | Entered Level 4 of the Swamp
 22291 | Swamp:4  | Received a gift from Trog
 22421 | Swamp:4  | Noticed Mara
 22433 | Swamp:4  | Noticed Lanoc's illusion
 22704 | Swamp:4  | Noticed Lanoc's illusion
 22743 | Swamp:4  | Killed from afar by Mara (illusionary)

Levels and vault maps discovered:
D:1:      lightli_arrival_boilingwater, layout_loops_ring,
          minmay_close_crescents
D:2:      layout_rooms, lemuel_doored_altar, nicolae_overflow_hidden_temple,
          grunt_decor_arrowhead
D:3:      layout_loops_ring, nicolae_overflow_crystal_walls, uniq_terence,
          uniq_ijyb, uniq_natasha
D:4:      minmay_skewed_foursquare, layout_loops_cross, kennysheep_mini_moat
D:5:      kennysheep_kobold_camp, layout_basic, good_gods_mini_temple,
          nicolae_ru_great_annihilating_truth, kennysheep_mini,
          minmay_temple_entry_stoned_glass, first_ration,
          kennysheep_decorative_pillar, grunt_ministairs_2,
          hangedman_abyss_or_decor_lesser_grid, minmay_fractal_squares_gapless_5
D:6:      layout_basic, uniq_edmund
D:7:      layout_rooms, old_standard_altar, kennysheep_little_box
D:8:      layout_layer_cave
D:9:      layout_basic, overflow_temple_1_default, dpeg_oklobed_lair,
          grunt_pizzeria, uniq_prince_ribbit1, uniq_maurice, uniq_grum
D:10:     layout_cross, orc_0_dummy, uniq_sonja, uniq_urug, uniq_fannar
D:11:     layout_irregular_city, serial_ice, serial_ice_a, serial_ice_h,
          serial_ice_m, serial_ice_e, portal_ice_cave_entry_ice_beasts,
          kennysheep_cross_room, dk_noncrumbling_2,
          minmay_guarded_unrand_finisher, uniq_psyche
D:12:     layout_roguey, basic_altar, uniq_frances, uniq_nessos, uniq_rupert
D:13:     layout_roguey, uniq_snorg, uniq_kirke
D:14:     layout_irregular_city, ximxim_vaults_locker_room, serial_ice,
          serial_ice_d, serial_ice_h, serial_ice_c, serial_ice_j
D:15:     hangedman_depths_entry_civil_slaughter, layout_gridville,
          minmay_crystal_water, lemuel_oklob_altar
Temple:   cyrus_temple_forest
Lair:1:   lemuel_ratsnest, layout_chaotic_city, infiniplex_staircase_pool
Lair:2:   layout_gridlike, nicolae_swamp_entry_splash_gauntlet,
          guppyfry_snake_entry_island, chequers_serial_rivers_large_a,
          grunt_megastairs_1
Lair:3:   layout_cave_pods, bobbens_dragon_lair_wall
Lair:4:   layout_hall_layers
Lair:5:   layout_cave_pods, dpeg_slime_entry_enclosed_altar, grunt_megastairs_5
Lair:6:   guppyfry_lair_end_dragon, layout_loops_ring, hangedman_lair_in_review
Swamp:1:  layout_basic_swamp, ebering_ghost_reflecting_pool, serial_swamp_ruin,
          evilmike_swamp_ruin_rubble_1, evilmike_swamp_ruin_house_6,
          evilmike_swamp_ruin_house_3, uniq_jorgrun
Swamp:2:  layout_falls_marsh, evilmike_swamp_ruin_house_1, uniq_aizul,
          uniq_roxanne, uniq_donald
Swamp:3:  layout_basic_swamp, evilmike_swamp_ruin_house_2, uniq_nikola,
          uniq_louise
Swamp:4:  swamp_alternative, layout_basic_swamp, swamp_pool5, uniq_mara
Orc:1:    layout_diamond_mine, serial_shops, nicolae_shop_behind_doors,
          shop_fountains, uniq_nergalle, uniq_josephine
Orc:2:    st_orc_pillars, layout_caves
IceCv:    ice_cave_small_demon

Skill      XL: |  1  2  3  4  5  6  7  8  9 10 11 12 13 14 15 16 17 |
---------------+----------------------------------------------------+-----
Long Blades    | 3 4 5 6 8 9 10 11 12 13 14 15 16 | 16.5
Fighting       | 3 4 5 6 7 8 9 10 11 12 | 12.3
Armour         | 2 3 4 5 6 7 8 9 10 11 | 11.2
Dodging        | 2 3 4 5 6 7 8 9 10 11 | 11.2
Evocations     | 1 2 3 4 5 6 7 8 9 10 11 | 11.7

Action                   |  1- 3 |  4- 6 |  7- 9 | 10-12 | 13-15 | 16-18 || total
-------------------------+-------+-------+-------+-------+-------+-------++-------
Melee: Falchion          |    87 |   148 |   286 |   490 |       |       ||  1011
       Bite              |    30 |    60 |   111 |   312 |   524 |   482 ||  1519
       Unarmed           |       |       |       |     2 |       |       ||     2
       Great sword       |       |       |       |   150 |  1067 |   883 ||  2100
       Scimitar          |       |       |       |       |     9 |       ||     9
Invok: Berserk           |     2 |     1 |     8 |    18 |    21 |     9 ||    59
       Trog's Hand       |       |     1 |       |       |       |     3 ||     4
Evoke: Wand              |       |       |       |     4 |     5 |    86 ||    95
       Fan of gales      |       |       |       |       |       |     1 ||     1
  Use: Potion            |       |     1 |       |     1 |     2 |     1 ||     5
       Scroll            |       |     5 |     4 |     3 |    23 |    10 ||    45
 Stab: Paralysed         |       |       |       |       |     3 |       ||     3
  Eat: Chunk             |     1 |     4 |    15 |    34 |    43 |    23 ||   120
       Ration            |       |       |       |     1 |     3 |     2 ||     6
Armor: Animal skin       |     9 |     1 |       |       |       |       ||    10
       Chain mail        |       |    56 |   132 |   372 |   604 |   302 ||  1466
       Plate armour      |       |       |       |       |       |   430 ||   430
Dodge: Dodged            |    66 |    60 |   138 |   431 |   843 |   719 ||  2257
       Rpst.: Falchion   |    13 |    20 |    46 |    84 |       |       ||   163
       Great sword       |       |       |       |    36 |   219 |   161 ||   416

Table legend:
 A = Non-vault XP
 B = Vault XP
 C = Vault XP percentage of total XP
 D = Non-vault monster count
 E = Vault monster count
 F = Vault count percentage of total count
                 A         B        C        D         E       F
            +---------+---------+-------+---------+---------+-------
      Total |  128101 |  101852 |  44.3 |     656 |     338 |  34.0
            +---------+---------+-------+---------+---------+-------
        D:1 |      15 |       0 |   0.0 |       7 |       0 |   0.0
        D:2 |      49 |       0 |   0.0 |      19 |       0 |   0.0
        D:3 |     158 |     108 |  40.6 |      32 |       3 |   8.6
        D:4 |     199 |      18 |   8.3 |       9 |       3 |  25.0
        D:5 |     427 |     191 |  30.9 |      15 |      28 |  65.1
        D:6 |    1669 |     158 |   8.6 |      14 |       1 |   6.7
        D:7 |    1454 |       0 |   0.0 |      22 |       0 |   0.0
        D:8 |    2006 |       0 |   0.0 |      25 |       0 |   0.0
        D:9 |     678 |    1350 |  66.6 |      15 |       6 |  28.6
       D:10 |    2069 |    2190 |  51.4 |      24 |       3 |  11.1
       D:11 |    5043 |    2951 |  36.9 |      45 |      22 |  32.8
       D:12 |    4155 |    5948 |  58.9 |      27 |       3 |  10.0
       D:13 |    4131 |    3835 |  48.1 |      20 |       5 |  20.0
       D:14 |   12812 |    6314 |  33.0 |      43 |      22 |  33.8
       D:15 |   10101 |    6083 |  37.6 |      33 |       7 |  17.5
     Lair:1 |    4119 |     546 |  11.7 |      18 |      36 |  66.7
     Lair:2 |    7465 |    2177 |  22.6 |      22 |      12 |  35.3
     Lair:3 |    3687 |    4831 |  56.7 |      17 |      18 |  51.4
     Lair:4 |    4780 |       0 |   0.0 |      25 |       0 |   0.0
     Lair:5 |    1593 |    1398 |  46.7 |       6 |       5 |  45.5
     Lair:6 |    7445 |   13643 |  64.7 |      30 |      36 |  54.5
    Swamp:1 |   12657 |    3957 |  23.8 |      27 |       2 |   6.9
    Swamp:2 |   10563 |    5845 |  35.6 |      25 |       3 |  10.7
    Swamp:3 |    8390 |    6001 |  41.7 |      25 |       2 |   7.4
    Swamp:4 |   12920 |   15128 |  53.9 |      29 |      23 |  44.2
      Orc:1 |    3732 |    3006 |  44.6 |      43 |       7 |  14.0
      Orc:2 |    5784 |   11796 |  67.1 |      39 |      66 |  62.9
      IceCv |       0 |    4378 | 100.0 |       0 |      25 | 100.0
            +---------+---------+-------+---------+---------+-------
